Map: Beckett Industries LE

Players

Neeb

  • Race: Protoss Protoss

Asuna - Winner!

  • Race: Protoss Protoss

Event: DreamHack SC2 Masters 2021 Winter

VOD

Have the link to the VOD?

Description

Time

  • Played on: Oct. 15, 2021, 3:20 p.m.
  • Length: 4:19

All games in this series

Show
View Real Time Build Order
Export as new Build Order

Neeb Protoss 

Build Orders:  

Get SALT Encoding   

  12  0:00  Probe  
  13  0:12  Probe  
  14  0:17  Pylon  
  14  0:24  Probe (Chrono Boost)  
  15  0:36  Probe (Chrono Boost)  
  15  0:37  Gateway  
  16  0:45  Probe (Chrono Boost)  
  16  0:46  Assimilator  
  17  0:51  Probe  
  18  0:57  Assimilator  
  18  1:03  Probe  
  19  1:12  Gateway  
  19  1:15  Probe  
  20  1:25  Cybernetics Core  
  21  1:35  Pylon  
  21  1:37  Zealot (Chrono Boost)  
  22  1:42  Probe  
  23  2:01  Stalker (Chrono Boost)  
  27  2:05  Warp Gate  
  27  2:08  Stalker (Chrono Boost)  
  27  2:10  Probe  
  28  2:16  Pylon  
  28  2:26  Stalker (Chrono Boost)  
  30  2:36  Probe  
  31  2:42  Stalker  
  33  2:45  Shield Battery  
  33  2:58  Pylon  
  33  3:00  Gateway  
  33  3:06  Stalker  
  35  3:18  Shield Battery  
  35  3:25  Stalker  
  37  3:35  Gateway  
  35  3:54  Stalker  
  35  4:05  Stalker  
  31  4:10  Stalker  
Show
View Real Time Build Order
Export as new Build Order

Asuna Protoss - Winner!

Build Orders: Proxy Void Ray 

Get SALT Encoding   

  12  0:00  Probe  
  13  0:12  Pylon  
  13  0:17  Probe  
  14  0:31  Gateway  
  14  0:34  Probe (Chrono Boost)  
  16  0:43  Probe (Chrono Boost)  
  16  0:44  Assimilator  
  16  0:48  Probe (Chrono Boost)  
  16  0:52  Assimilator  
  17  1:00  Probe  
  18  1:12  Probe  
  18  1:17  Cybernetics Core  
  18  1:18  Zealot  
  21  1:24  Probe  
  22  1:29  Pylon  
  22  1:37  Probe  
  23  1:54  Stargate  
  23  1:56  Shield Battery  
  23  2:04  Shield Battery  
  23  2:10  Shield Battery  
  23  2:20  Shield Battery x2  
  23  2:26  Stalker  
  25  2:34  Void Ray (Chrono Boost)  
  27  2:51  Probe  
  27  3:07  Void Ray (Chrono Boost)  
  27  3:10  Shield Battery  
  31  3:18  Shield Battery  
  31  3:26  Pylon  
  31  3:37  Void Ray (Chrono Boost)  
  31  3:38  Probe  
  35  4:01  Shield Battery  
  35  4:02  Shield Battery  

Tags
 
Add a new tag
Caveats
  • Supply blocks, unpowered buildings, or Contaminate may cause inaccurate times.
  • Supply counts are checked every 10 seconds.